 Dungeon Crawl Stone Soup version 0.31.0-2-g5a2aebc5c2 (webtiles) character file.

Game seed: 4416786692938075673

205 BeingJoeMalik the Spear-Bearer (level 5, -1/38 HPs)
             Began as a Merfolk Gladiator on Jan 20, 2024.
             Slain by Edmund
             ... wielding a +6 dire flail of holy wrath
              (14 damage)
             ... on level 3 of the Dungeon.
             The game lasted 00:05:27 (2115 turns).

BeingJoeMalik the Spear-Bearer (Merfolk Gladiator)  Turns: 2115, Time: 00:05:28

Health: -1/38      AC:  5    Str: 15    XL:     5   Next: 83%
Magic:  5/5        EV: 13    Int:  7    God:
Gold:   170        SH:  0    Dex: 17    Spells: 4/4 levels left

rFire   . . .        a - +0 trident
rCold   . . .        (no shield)
rNeg    . . .        b - +0 leather armour
rPois   +            c - +0 helmet
rElec   .            (no cloak)
rCorr   .            g - +0 pair of gloves
SInv    .            (no boots)
Will    .....        m - amulet of regeneration
Stlth   +            o - ring of poison resistance
HPRegen 1.06/turn    (no ring)
MPRegen 0.09/turn

%: no passive effects
@: no status effects
A: (nimble swimmer 2), mertail
a: no special abilities


You were on level 3 of the Dungeon.
You visited 1 branch of the dungeon, and saw 4 of its levels.

You collected 170 gold pieces.

Inventory:

Hand Weapons
 a - a +0 trident (weapon)
Missiles
 d - a throwing net (quivered)
 e - a javelin
 k - 5 poisoned darts
Armour
 b - a +0 leather armour (worn)
 c - a +0 helmet (worn)
 g - a +0 pair of gloves (worn)
Jewellery
 m - an amulet of regeneration (around neck)
 o - a ring of poison resistance (left hand)
Scrolls
 h - 3 scrolls of identify {unknown}
 i - 3 scrolls of butterflies {unknown}
 j - a scroll of amnesia {unknown}
 l - a scroll of torment {unknown}
 s - a scroll of vulnerability {unknown}
 t - a scroll of teleportation {unknown}
 u - a scroll of poison {unknown}
Potions
 f - a potion of lignification {unknown}
 n - 3 potions of curing {unknown}
 p - a potion of magic {unknown}
 q - a potion of attraction {unknown}
 r - a potion of heal wounds {unknown}


   Skills:
 - Level 2.1 Fighting
 + Level 8.3 Polearms
 - Level 2.0 Throwing
 - Level 4.0 Dodging


You had 4 spell levels left.
You didn't know any spells.
Your spell library contained the following spells:

 Spells                   Type           Power      Damage    Failure   Level
 Foxfire                  Conj/Fire      0%         2x1d4     50%         1
 Plasma Beam              Fire/Air       0%         2x1d10    100%        6
 Starburst                Conj/Fire      0%         6d3       100%        6


Dungeon Overview and Level Annotations

Branches:
Dungeon (4/15)
 Temple: D:4-7

Altars:

Shops:
D:2 [

Annotations:
D:3 Edmund


Innate Abilities, Weirdness & Mutations

((You are very nimble when in or above water. (Stealth+, EV+, Speed+++)))
Your lower body shifts to a powerful aquatic tail in water.


Message History

Press: ? - help, Q - select action, (/) - cycle Shift-Dir - straight line, f/p - Edmund
Aim: Edmund, wielding a +6 dire flail of holy wrath and wearing a +0 ring mail (moderately wounded, 63% to hit)
You throw a throwing net. The throwing net hits Edmund.
Edmund is caught in the net!
Edmund is moderately wounded.
Edmund struggles against the net.
You strike the helpless Edmund from behind!
You puncture Edmund!
Edmund is heavily wounded.
Edmund struggles against the net.
You hit Edmund but do no damage. You punch Edmund, but do no damage.
Edmund is heavily wounded.
Edmund struggles against the net.
You hit Edmund.
Edmund is heavily wounded.
Edmund struggles against the net.
You puncture Edmund!
Edmund is almost dead.
You hit Edmund.
Edmund is almost dead.
Edmund struggles against the net.
You catch the helpless Edmund completely off-guard!
You hit Edmund.
Edmund is almost dead.
Edmund struggles against the net.
The net rips apart, and Edmund comes free!
You hit Edmund but do no damage.
Edmund is almost dead.
Edmund closely misses you.
You hit Edmund.
Edmund is almost dead.
Edmund completely misses you.
You hit Edmund but do no damage.
Edmund is almost dead.
Edmund hits you with a +6 dire flail of holy wrath!
You barely miss Edmund.
Edmund is almost dead.
Edmund hits you with a +6 dire flail of holy wrath!
You die...
Edmund whines, "They better pay attention to me now!"

##....#.#.#......#.#.#
##....#.#.#..#####.#.#
##....#.#.#..# #.#.#
##....#......# #.#.#
##....##...#.# #.#.#
......##...#.## #.#.#
##...###......# #.#.#
##.## #.##'######.#.#
##.))# #.#...#..@..#.#
.'.⌠.#####.⌠....@###.#
##....# #....#.#.# #.#
##...###...##.#)# #.#
###....#....##.#.###.##
..##.......###.#......#
##.#.>.⌠.>.###.########
###...[...##..#
#....#....#..#


You could see Edmund.

Vanquished Creatures
  A scorpion (D:3)
  2 bombardier beetles (D:3)
  An orc wizard (D:3)
  A ribbon worm (D:2)
  6 orcs (D:3)
  3 endoplasms
  3 giant cockroaches
  5 goblins
  4 hobgoblins
  3 kobolds
  4 quokkas
  7 ball pythons
  2 bats
  3 frilled lizards
  6 rats
51 creatures vanquished.

Notes
Turn   | Place    | Note
-------+----------+-------------------------------------------
     0 | D:1      | BeingJoeMalik the Merfolk Gladiator began the quest for the
                  | Orb.
     0 | D:1      | Reached XP level 1. HP: 16/16 MP: 1/1
   127 | D:1      | Reached XP level 2. HP: 22/22 MP: 2/2
   200 | D:1      | Reached skill level 5 in Polearms
   551 | D:1      | Reached XP level 3. HP: 27/27 MP: 3/3
  1020 | D:2      | Found Qaifuit's Armour Emporium.
  1278 | D:3      | Reached skill level 6 in Polearms
  1300 | D:3      | Reached XP level 4. HP: 11/33 MP: 4/4
  1389 | D:3      | Noticed a scorpion
  1399 | D:3      | Killed a scorpion
  1400 | D:3      | Reached skill level 7 in Polearms
  1400 | D:3      | Reached XP level 5. HP: 34/38 MP: 5/5
  1466 | D:3      | Reached skill level 8 in Polearms
  2089 | D:4      | Noticed Edmund
  2115 | D:3      | Slain by Edmund

Illustrated notes

Levels and vault maps discovered:
D:1:      dpeg_arrival_connections, layout_basic
D:2:      layout_basic, serial_shops, nicolae_shop_window_shopping
D:3:      layout_basic, grunt_ministairs_13
D:4:      layout_basic, overflow_temple_1_default, elyvilon_altar_5,
          serial_bayou_pond_b, uniq_edmund, uniq_blork_the_orc

Skill      XL: |  1  2  3  4  5 |
---------------+----------------+-----
Polearms       | 5 6 7 8 |  8.3
Fighting       | |  2.1
Throwing       | |  2.0
Dodging        | |  4.0

Action                     |  1- 3 |  4- 6 || total
---------------------------+-------+-------++-------
  Melee: Trident           |   106 |    69 ||   175
         Punch             |     2 |     1 ||     3
  Throw: Dart              |       |     3 ||     3
         Throwing net      |       |     2 ||     2
   Stab: Sleeping          |       |     4 ||     4
         Held in net/web   |       |     5 ||     5
 Armour: Leather armour    |    28 |    15 ||    43
  Dodge: Dodged            |    32 |    14 ||    46
